 Dungeon Crawl Stone Soup version 0.22.1-1-ga44c0e5 (webtiles) character file.

5677 teukkam the Carver (level 10, -3/80 HPs)
             Began as a Minotaur Berserker on Nov 2, 2018.
             Was a High Priest of Trog.
             Slain by a freezing wraith (10 damage)
             ... on level 9 of the Dungeon.
             The game lasted 00:30:32 (8013 turns).

teukkam the Carver (Minotaur Berserker)             Turns: 8013, Time: 00:30:33

Health: -3/80      AC: 10    Str: 25    XL:     10   Next: 47%
Magic:  9/9        EV:  8    Int:  7    God:    Trog [*****.]
Gold:   433        SH:  9    Dex: 10    Spells: 9/9 levels left

rFire    + + .     SeeInvis .   a - +2 falchion (elec)
rCold    . . .     Gourm    .   h - +0 shield
rNeg     . . .     Faith    +   A - +1 scale mail {rF+}
rPois    +         Spirit   .   (helmet restricted)
rElec    .         Reflect  .   Q - +0 cloak {rPois}
rCorr    .         Harm     .   (no gloves)
MR       .....                  e - +0 pair of boots
Stlth    ..........             n - amulet of faith
HPRegen  0.23/turn              w - ring of protection from fire
MPRegen  0.11/turn              S - +3 ring of intelligence

@: slowed, very slow
A: retaliatory headbutt, horns 2
a: Berserk, Trog's Hand, Brothers in Arms, Renounce Religion


You were on level 9 of the Dungeon.
You worshipped Trog.
Trog was extremely pleased with you.
You were near starving.

You visited 1 branch of the dungeon, and saw 9 of its levels.

You collected 433 gold pieces.

Inventory:

Hand Weapons
 a - a +2 falchion of electrocution (weapon)
 b - a +0 hunting sling
 c - a +2 dire flail
 t - a +0 hand axe
 z - a +0 dagger of venom
 G - a +0 dagger of freezing
 O - a +3 quarterstaff of chaos
 R - a +0 shortbow
 T - a +2 halberd of flaming
Missiles
 d - 15 tomahawks
 f - 154 arrows
 i - 61 sling bullets
 k - 285 stones
 y - 98 bolts
 E - 8 javelins (quivered)
 P - 3 needles of sleeping
Armour
 e - a +0 pair of boots (worn)
 h - a +0 shield (worn)
 A - a +1 scale mail of fire resistance (worn)
 H - a scarf of resistance
 Q - a +0 cloak of poison resistance (worn)
Jewellery
 n - an amulet of faith (around neck)
 p - an uncursed amulet of regeneration
 w - a ring of protection from fire (left hand)
 x - an uncursed amulet of guardian spirit
 S - a +3 ring of intelligence (right hand)
Wands
 v - a wand of random effects (15)
 I - a wand of enslavement (17)
Scrolls
 g - 6 scrolls of identify
 l - 4 scrolls of enchant weapon {unknown}
 q - 2 scrolls of fear {unknown}
 r - 4 scrolls of remove curse {unknown}
 s - 3 scrolls of immolation {unknown}
 B - 2 scrolls of teleportation
 C - a scroll of amnesia {unknown}
 D - 3 scrolls of magic mapping {unknown}
 M - 3 scrolls of random uselessness {unknown}
 N - a scroll of enchant armour {unknown}
 V - a scroll of vulnerability {unknown}
Potions
 j - 4 potions of curing
 m - 2 potions of degeneration {unknown}
 o - 4 potions of brilliance {unknown}
 u - 2 potions of ambrosia {unknown}
 F - a potion of cancellation {unknown}
 J - a potion of haste {unknown}
 K - a potion of lignification {unknown}
 U - a potion of magic {unknown}
Comestibles
 L - 17 rations


   Skills:
 - Level 4.4 Fighting
 - Level 1.1(7.4) Short Blades
 + Level 12.3(12.4) Long Blades
 - Level 4.1 Axes
 + Level 11.5 Slings
 - Level 3.3 Armour
 - Level 2.1 Dodging
 - Level 2.0 Shields


You had 9 spell levels left.
You didn't know any spells.
Your spell library contained the following spells:

 Spells                   Type           Power        Failure   Level  Hunger
 Animate Skeleton         Necr           N/A          99%         1    ##.....
 Pain                     Necr           #...         99%         1    ##.....
 Regeneration             Chrm/Necr      #.........   100%        3    ####...
 Vampiric Draining        Necr           #.........   100%        3    ####...
 Animate Dead             Necr           N/A          100%        4    #####..
 Poison Arrow             Conj/Pois      #.........   100%        6    #######
 Chain Lightning          Conj/Air       #.........   100%        8    #######
 Lehudib's Crystal Spear  Conj/Erth      #.........   100%        8    #######
 Fire Storm               Conj/Fire      #.........   100%        9    #######
 Glaciate                 Conj/Ice       #.........   100%        9    #######


Dungeon Overview and Level Annotations

Branches:
Dungeon (9/15)             Temple (0/1) D:4
   Lair: D:8-11         Orc: D:9-12

Altars:
Ashenzari
Cheibriados
Elyvilon
Fedhas
Gozag
Kikubaaqudgha
Nemelex Xobeh
Ru
Uskayaw
Wu Jian

Shops:
D:5 [   D:6 !

Annotations:
D:4 exclusion: oklob sapling
D:7 3 runed doors, Fekkit's ghost, novice OpFE


Innate Abilities, Weirdness & Mutations

You reflexively headbutt those who attack you in melee.
You have a pair of horns on your head.


Message History

You feel a bit more experienced. You block the freezing wraith's attack.
The freezing wraith completely misses you.
You hit the freezing wraith but do no damage.
The freezing wraith is lightly damaged.
The freezing wraith hits you. The freezing wraith freezes you!
* * * LOW HITPOINT WARNING * * *
The freezing wraith hits you.
* * * LOW HITPOINT WARNING * * *
The freezing wraith drains your vigour!
You feel as though you will be slow longer.
It was a potion of curing.
You feel better. The freezing wraith hits you!
* * * LOW HITPOINT WARNING * * *
The freezing wraith freezes you!
* * * LOW HITPOINT WARNING * * *
The freezing wraith hits you but does no damage.
An orc wizard comes into view. It is wielding a dagger.
The freezing wraith barely misses you.
The freezing wraith completely misses you.
The deep elf archer blinks!
The freezing wraith hits you!
You die...

.. .. ###'#####
#.......# #.......#
e..8....# #......)#
#...o§W)# ###'###@#
#†##### #.....# ##+##
#####.# ##...##
#...#.## #.....##
#......# .......##
#######..#..#
........###....##..#..#
........'.............#


You could see a deep elf archer, a freezing wraith and an orc wizard
(wandering).

Vanquished Creatures
  A two-headed ogre (D:8)
  A hippogriff (D:7)
  Sigmund (D:5)
  A spriggan (D:9)
  Eustachio (D:5)
  2 hungry ghosts
  A steam dragon (D:9)
  A water moccasin (D:8)
  Duvessa (D:5)
  An orc warrior (D:8)
  4 ice beasts
  3 sky beasts
  A phantom (D:8)
  A necrophage (D:7)
  2 centaurs
  4 ogres
  8 bullfrogs
  An elf zombie (D:7)
  A scorpion (D:5)
  Dowan (D:5)
  7 killer bees
  A wight (D:7)
  A howler monkey (D:6)
  6 crimson imps
  2 human zombies (D:7)
  5 jellies
  A quasit (D:6)
  4 hounds (D:4)
  9 orc wizards
  Crazy Yiuf (D:7)
  A bullfrog skeleton (D:5)
  A centaur skeleton (D:5)
  An orc priest (D:9)
  A human skeleton (D:7)
  An iguana (D:6)
  9 worker ants
  A hound zombie (D:7)
  5 mummies (D:7)
  4 gnolls (D:3)
  4 adders
  2 shadow imps
  An adder skeleton (D:8)
  2 worms (D:5)
  3 dart slugs
  3 leopard geckos
  26 orcs
  3 ball pythons
  4 bats
  5 giant cockroaches
  5 goblins
  4 hobgoblins
  8 jackals
  5 quokkas
  4 frilled lizards
  5 kobolds
  A leopard gecko skeleton (D:9)
  An orc skeleton (D:7)
  2 quokka skeletons
  6 rats
192 creatures vanquished.

Notes
Turn   | Place    | Note
-------+----------+-------------------------------------------
     0 | D:1      | teukkam the Minotaur Berserker began the quest for the Orb.
     0 | D:1      | Reached XP level 1. HP: 19/19 MP: 0/0
   483 | D:1      | Reached XP level 2. HP: 27/27 MP: 1/1
   859 | D:2      | Found an opulent altar of Gozag.
   957 | D:2      | Reached skill level 1 in Shields
  1218 | D:2      | Found a sacrificial altar of Ru.
  1230 | D:2      | Reached XP level 3. HP: 30/33 MP: 2/2
  1731 | D:3      | Reached ** piety under Trog
  1900 | D:3      | Reached skill level 1 in Short Blades
  1900 | D:3      | Reached skill level 1 in Slings
  1900 | D:3      | Reached XP level 4. HP: 32/41 MP: 3/3
  2227 | D:3      | Found a white marble altar of Elyvilon.
  2350 | D:3      | Reached skill level 1 in Long Blades
  2357 | D:3      | Reached XP level 5. HP: 42/47 MP: 4/4
  2807 | D:4      | Reached skill level 2 in Long Blades
  2863 | D:4      | Reached skill level 3 in Long Blades
  3001 | D:4      | Reached XP level 6. HP: 48/53 MP: 5/5
  3002 | D:4      | Reached *** piety under Trog
  3306 | D:4      | Reached skill level 4 in Long Blades
  3325 | D:4      | Found a staircase to the Ecumenical Temple.
  3460 | D:4      | You fall through a shaft!
  3460 | D:5      | Entered Level 5 of the Dungeon
  3460 | D:5      | Noticed an ice beast
  3466 | D:5      | Killed an ice beast
  3485 | D:5      | Noticed Dowan
  3486 | D:5      | Noticed Duvessa
  3503 | D:5      | Killed Dowan
  3503 | D:5      | Reached XP level 7. HP: 60/60 MP: 6/6
  3504 | D:5      | Killed Duvessa
  3504 | D:5      | Reached skill level 5 in Long Blades
  3504 | D:5      | Reached skill level 5 in Slings
  3587 | D:5      | Found Dipree's Antique Armour Shop.
  3620 | D:5      | Found an ornate altar of the Wu Jian Council.
  3635 | D:5      | Reached skill level 6 in Long Blades
  3960 | D:5      | Noticed Sigmund
  3972 | D:5      | Killed Sigmund
  3972 | D:5      | Reached skill level 7 in Long Blades
  3972 | D:5      | Reached XP level 8. HP: 58/67 MP: 7/7
  4264 | D:5      | Noticed Eustachio
  4276 | D:5      | Killed Eustachio
  4276 | D:5      | Received a gift from Trog
  4758 | D:6      | Found Icepp's Distillery.
  4760 | D:6      | Reached skill level 8 in Long Blades
  4868 | D:6      | Reached **** piety under Trog
  4874 | D:6      | Found a snail-covered altar of Cheibriados.
  5224 | D:6      | Reached skill level 9 in Long Blades
  5389 | D:7      | Found a runed gate.
  5389 | D:7      | Found a runed gate.
  5391 | D:7      | Found a runed gate.
  5398 | D:7      | Noticed Fekkit's ghost (novice OpFE)
  5433 | D:7      | Received a gift from Trog
  5433 | D:7      | Reached XP level 9. HP: 72/72 MP: 8/8
  5595 | D:7      | Found an ancient bone altar of Kikubaaqudgha.
  5696 | D:7      | Found an ancient bone altar of Kikubaaqudgha.
  6108 | D:7      | Received a gift from Trog
  6108 | D:7      | Reached skill level 10 in Long Blades
  6455 | D:7      | Found a runed door.
  6460 | D:7      | Noticed Crazy Yiuf
  6467 | D:7      | Killed Crazy Yiuf
  6788 | D:8      | Reached skill level 10 in Slings
  6927 | D:8      | Reached skill level 11 in Long Blades
  7016 | D:8      | Noticed a two-headed ogre
  7023 | D:8      | Killed a two-headed ogre
  7023 | D:8      | Reached XP level 10. HP: 80/80 MP: 9/9
  7169 | D:8      | Found a hide-covered altar of Uskayaw.
  7281 | D:8      | Received a gift from Trog
  7367 | D:8      | Found a sparkling altar of Nemelex Xobeh.
  7538 | D:8      | Found a shattered altar of Ashenzari.
  7538 | D:8      | Found a blossoming altar of Fedhas.
  7748 | D:9      | Reached skill level 12 in Long Blades
  8006 | D:9      | Noticed a deep elf archer
  8009 | D:9      | Reached ***** piety under Trog
  8013 | D:9      | Slain by a freezing wraith

Skill      XL: |  1  2  3  4  5  6  7  8  9 10 |
---------------+-------------------------------+-----
Fighting       | 4 |  4.4
Axes           | 4 |  4.1
Shields        | 1 2 |  2.0
Armour         | 3 |  3.3
Short Blades   | 1 |  1.1
Slings         | 1 2 3 4 6 8 10 11 | 11.5
Long Blades    | 1 3 4 7 9 11 12 | 12.3
Dodging        | |  2.1

Action                   |  1- 3 |  4- 6 |  7- 9 | 10-12 || total
-------------------------+-------+-------+-------+-------++-------
Melee: Hand axe          |    44 |       |       |       ||    44
       Headbutt          |    13 |    14 |    46 |    11 ||    84
       Dagger            |    17 |    12 |       |       ||    29
       Falchion          |       |    75 |   228 |    87 ||   390
 Fire: Hunting sling     |    28 |    40 |    62 |    22 ||   152
Throw: Stone             |     1 |       |       |       ||     1
       Javelin           |       |       |       |     3 ||     3
Invok: Berserk           |       |     1 |     5 |     1 ||     7
Evoke: Wand              |       |       |     3 |       ||     3
  Use: Scroll            |     3 |     1 |     2 |       ||     6
       Potion            |       |       |       |     1 ||     1
 Stab: Paralysed         |       |       |     3 |       ||     3
  Eat: Chunk             |     3 |     1 |     6 |     3 ||    13
       Ration            |       |     2 |     2 |     1 ||     5
Armor: Scale mail        |    27 |    43 |    59 |    22 ||   151
Dodge: Dodged            |    26 |    36 |    52 |    24 ||   138
Block: Shield            |    24 |    45 |    64 |    30 ||   163
       Rpst.: Falchion   |       |     6 |    11 |     3 ||    20
